 Dungeon Crawl Stone Soup version 0.31-a0-986-g5e6e4ef867 (webtiles) character file.

Game seed: 3929595344123740435

999 LeprechaunX the Changeling (level 8, -2/48 HPs)
             Began as an Octopode Shapeshifter on Nov 6, 2023.
             Was a Follower of Hepliaklqana.
             Slain by an iguana (4 damage)
             ... on level 5 of the Dungeon.
             The game lasted 00:05:06 (3474 turns).

LeprechaunX the Changeling (Octopode Shapeshifter)  Turns: 3474, Time: 00:05:07

Health: -2/48      AC:  1    Str: 15    XL:     8   Next: 19%
Magic:  8/8        EV: 13    Int: 12    God:    Hepliaklqana [*.....]
Gold:   239        SH:  0    Dex: 12    Spells: 7/7 levels left

rFire   . .          .
                       - Unarmed
rCold   . . .        (no shield)
rNeg    . . .        (helmet currently unavailable)
rPois   +            (no amulet)
rElec   .            l - ring of poison resistance
rCorr   +            p - ring of see invisible
SInv    +            t - ring of resist corrosion
Will    .....        (no ring)
Stlth   ++           (no ring)
HPRegen 0.28/turn    (no ring)
MPRegen 0.11/turn    (no ring)
                     (no ring)

%: no passive effects
@: beast-form
A: beast (slay +3), reduced essence, almost no armour, amphibious, 8 rings,
camouflage 1, gelatinous body 1, (nimble swimmer 1), tentacles
a: Begin Untransformation, Renounce Religion, Recall Ancestor, Ancestor Identity


You were on level 5 of the Dungeon.
You worshipped Hepliaklqana.
Hepliaklqana was aware of your devotion.
You were a hulking beast.
You visited 2 branches of the dungeon, and saw 7 of its levels.

You collected 239 gold pieces.

Inventory:

Hand Weapons
 a - a +3 sling of flaming
Missiles
 q - 4 javelins
Jewellery
 l - a ring of poison resistance (left tentacle)
 p - a ring of see invisible (right tentacle)
 t - a ring of resist corrosion (on tentacle)
Talismans
 b - a beast talisman
 c - a flux talisman
 w - a talisman of death
Scrolls
 e - a scroll of enchant weapon {unknown}
 h - 6 scrolls of identify {unknown}
 i - 2 scrolls of amnesia {unknown}
 j - a scroll of immolation {unknown}
 k - a scroll of teleportation {unknown}
 m - a scroll of fear {unknown}
 n - a scroll of acquirement {unknown}
 v - a scroll of enchant armour {unknown}
Potions
 d - 2 potions of might {unknown}
 f - a potion of lignification
 g - a potion of mutation {unknown}
 o - a potion of enlightenment {unknown}
 r - a potion of attraction {unknown}
 s - 3 potions of heal wounds {unknown}
 u - 3 potions of curing {unknown}
 x - a potion of cancellation {unknown}


   Skills:
 + Level 4.2 Fighting
 - Level 3.0 Ranged Weapons
 - Level 2.0 Dodging
 + Level 5.2 Unarmed Combat
 * Level 6.3 Shapeshifting


You had 7 spell levels left.
You didn't know any spells.
Your spell library contained the following spells:

 Spells                   Type           Power      Damage    Failure   Level
 Foxfire                  Conj/Fire      0%         2x1d4     32%         1
 Shock                    Conj/Air       0%         1d3       32%         1
 Blink                    Tloc           0%         N/A       45%         2
 Ensorcelled Hibernation  Hex/Ice        0%         N/A       45%         2
 Passwall                 Tmut/Erth      0%         N/A       45%         2
 Swiftness                Air            0%         N/A       69%         3
 Airstrike                Air            0%         2d(0-16)  97%         4
 Manifold Assault         Tloc           0%         N/A       97%         4
 Vhi's Electric Charge    Tloc/Air       0%         N/A       97%         4
 Arcjolt                  Conj/Air       0%         1d10      100%        5
 Plasma Beam              Fire/Air       0%         2x1d10    100%        6
 Starburst                Conj/Fire      0%         6d3       100%        6
 Maxwell's Capacitive Co  Air            0%         ∞         100%        8


Dungeon Overview and Level Annotations

Branches:
Dungeon (6/15)             Temple (1/1) D:4

Altars:
Ashenzari
Cheibriados
Dithmenos
Fedhas
Gozag
Hepliaklqana
Makhleb
Nemelex Xobeh
Okawaru
Ru
Trog
Uskayaw
Vehumet
Wu Jian
Xom
Yredelemnul
Zin
The Shining One

Shops:
D:4 *

Annotations:
D:3 3 runed translucent doors, Whiskey's ghost, amateur OpSh


Innate Abilities, Weirdness & Mutations

You are a hulking beast.
Your limbs bulge with bestial killing power. (Slay +3)
Your life essence is reduced to manifest your ancestor. (-10% HP)
You cannot wear most types of armour.
You are amphibious.
You can wear up to eight rings at the same time.
Your skin changes colour to match your surroundings (Stealth+).
Your rubbery body absorbs attacks. (AC +1, EV +1)
((You are camouflaged when in or above water. (Stealth+)))
You have tentacles for arms and can constrict up to eight enemies at once.


Message History

The jelly hits Simosihle.
Simosihle is splashed with acid!
The acid corrodes Simosihle!
An iguana comes into view.
The ogre hits Simosihle with a +0 giant club!!
Simosihle is destroyed!
The centaur wields a +0 shortbow.
The centaur shoots an arrow.
The arrow hits you!
You hear a shout! x2
Found 12 gold pieces.
The centaur unwields a +0 shortbow.
The centaur hits you but does no damage.
The centaur kicks you but does no damage.
Your +3 sling of flaming stops flaming.
You are now empty-tentacled.
The centaur hits you. The centaur misses you.
You bludgeon the centaur!
The centaur is heavily wounded.
The centaur misses you. The centaur kicks you.
You tentacle-slap the centaur but do no damage.
You squeeze the centaur.
The centaur is severely wounded.
The centaur hits you. The centaur kicks you. The centaur hits you.
The centaur closely misses you.
You closely miss the centaur.
The centaur is severely wounded.
The centaur barely misses you. The centaur kicks you.
The jelly closely misses you.
Unknown command.
You bludgeon the centaur!
You kill the centaur!
The jelly misses you.
Unknown command.
The iguana closely misses you.
Found 10 gold pieces.
The iguana barely misses you. The iguana bites you! The jelly hits you.
You are splashed with acid.
You resist.
* * * LOW HITPOINT WARNING * * *
The iguana attacks as it pursues you! The iguana bites you!
* * * LOW HITPOINT WARNING * * *
A phantom comes into view.
The iguana attacks as it pursues you! The iguana bites you.
You die...

W. .. ...#.. ..
......#####.#
........#...# .#
.......... .# .#
.........##.# .#
..$.........##.#
#......#.h##..#
#.....<#.Jl..#
#.........#..#
#$..###.#..O.#####
. ##.
#..)......$.. ..
.....##...######
## ......###.##
...#### #.. ## ...
$$..


You could see an ogre, a phantom (dormant), an iguana and a jelly.

Vanquished Creatures
  A black bear (D:4)
  3 centaurs
  An ogre (D:5)
  2 scorpions (D:6)
  2 jellies (D:4)
  An orc priest (D:3)
  A hound (D:4)
  A sleepcap (D:6)
  Natasha (thrice) (D:2)
  An iguana (D:4)
  8 gnolls
  9 adders
  2 worms
  4 orcs (D:3)
  5 endoplasms
  3 giant cockroaches
  8 goblins
  8 hobgoblins
  2 quokkas
  13 ball pythons
  6 bats
  4 frilled lizards
  7 kobolds
  3 rats
98 creatures vanquished.

Vanquished Creatures (others)
  An ancestor (D:5)
1 creature vanquished.

Grand Total: 99 creatures vanquished

Notes
Turn   | Place    | Note
-------+----------+-------------------------------------------
     0 | D:1      | LeprechaunX the Octopode Shapeshifter began the quest for
                  | the Orb.
     0 | D:1      | Reached XP level 1. HP: 13/13 MP: 1/1
   253 | D:1      | Reached XP level 2. HP: 18/18 MP: 2/2
   511 | D:1      | Reached XP level 3. HP: 23/23 MP: 3/3
  1029 | D:2      | Reached skill level 1 in Ranged Weapons
  1029 | D:2      | Reached XP level 4. HP: 29/29 MP: 4/4
  1129 | D:2      | Noticed Natasha
  1132 | D:2      | Killed Natasha
  1150 | D:2      | Noticed Natasha
  1156 | D:2      | Killed Natasha
  1157 | D:2      | Reached skill level 4 in Shapeshifting
  1315 | D:2      | Reached XP level 5. HP: 34/34 MP: 5/5
  1522 | D:2      | Noticed Natasha
  1524 | D:2      | Killed Natasha
  1579 | D:3      | Found a faded altar of an unknown god.
  1691 | D:3      | Reached XP level 6. HP: 37/41 MP: 6/6
  1886 | D:3      | Found a runed translucent gate.
  1886 | D:3      | Found a runed translucent gate.
  1886 | D:3      | Found a runed translucent gate.
  1887 | D:3      | Noticed Whiskey's ghost (amateur OpSh)
  2329 | D:4      | Found a staircase to the Ecumenical Temple.
  2334 | D:4      | Found Zin's Purification Station.
  2335 | D:4      | Found a glowing silver altar of Zin.
  2348 | Temple   | Entered the Ecumenical Temple
  2361 | Temple   | Became a worshipper of Hepliaklqana the Forgotten
  2407 | D:4      | You fall into a shaft and drop 2 floors!
  2407 | D:5      | Identified the "Coutuazo"
  2465 | D:6      | Reached skill level 5 in Shapeshifting
  2465 | D:6      | Reached XP level 7. HP: 42/46 MP: 7/7
  2975 | D:5      | Entered Level 5 of the Dungeon
  3000 | D:4      | Found a broken altar of Ashenzari.
  3027 | D:4      | Reached skill level 5 in Unarmed Combat
  3027 | D:4      | Reached skill level 6 in Shapeshifting
  3027 | D:4      | Reached XP level 8. HP: 54/54 MP: 8/8
  3116 | D:4      | Reached * piety under Hepliaklqana
  3473 | D:5      | HP: 1/48 [iguana (10)]
  3474 | D:5      | Slain by an iguana

Illustrated notes

Levels and vault maps discovered:
D:1:      dpeg_cavernosity, layout_basic
D:2:      layout_loops_ring, kennysheep_cross_bottleneck, uniq_natasha
D:3:      layout_rooms, gammafunk_ghost_nasty_kobolds, basic_ecumenical_altar
D:4:      layout_cave_pools, cheibrodos_ashenzari_chains, zin_purify,
          minmay_temple_entry_stoned_glass, eino_tiny_chamber,
          minmay_fractal_squares_gapless_5
D:5:      layout_rooms, led_sif_book
D:6:      layout_loops_ring
Temple:   regret_index_temple_sphere_string

Skill      XL: |  1  2  3  4  5  6  7  8 |
---------------+-------------------------+-----
Ranged Weapons | 1 2 3 |  3.0
Fighting       | 2 3 4 |  4.2
Shapeshifting  | 4 5 6 |  6.3
Unarmed Combat | 4 5 |  5.2
Dodging        | |  2.0

Action                     |  1- 3 |  4- 6 |  7- 9 || total
---------------------------+-------+-------+-------++-------
  Melee: Unarmed           |    47 |    31 |    17 ||    95
         Tentacles         |     6 |     3 |     7 ||    16
         Constrict         |     7 |     9 |     1 ||    17
         Punch             |     1 |     2 |       ||     3
   Fire: Sling             |    15 |    85 |    23 ||   123
   Stab: Sleeping          |     6 |       |     1 ||     7
 Armour: Skin              |    16 |    18 |    24 ||    58
  Dodge: Dodged            |    29 |    29 |    26 ||    84

Table legend: (Time is in decaauts)
 A = Elapsed time spent in this place.
 B = Non-inter-level travel time spent in this place.
 C = Inter-level travel time spent in this place.
 D = Time resting spent in this place.
 E = Time spent auto-exploring this place.
 F = Levels seen in this place.
 G = Mean time per level.
                   A        B        C        D        E       F      G
               +--------+--------+--------+--------+--------+-----+--------+
         Total |   3496 |   3236 |    260 |     25 |   2631 |   7 |  499.4 |
       Dungeon |   3469 |   3233 |    236 |     25 |   2631 |   6 |  578.2 |
        Temple |     26 |      2 |     24 |      0 |      0 |   1 |   26.0 |
               +--------+--------+--------+--------+--------+-----+--------+

Top non-repeatable levels by time:
     D:2: 793 daAuts
     D:1: 792 daAuts
     D:4: 648 daAuts
     D:3: 630 daAuts
     D:6: 568 daAuts
     D:5: 37 daAuts
  Temple: 26 daAuts
